 Dungeon Crawl Stone Soup version 0.19.0-2-gae57169 (webtiles) character file.

389739 vev the Executioner (level 23, -8/221 HPs)
             Began as a Hill Orc Wanderer on Nov 5, 2016.
             Was the Champion of Kikubaaqudgha.
             Mangled by a tentacled starspawn (13 damage)
             ... while paralysed by something
             ... on level 3 of the Abyss on Nov 6, 2016.
             The game lasted 05:36:28 (54160 turns).

vev the Executioner (Hill Orc Wanderer)            Turns: 54160, Time: 05:36:30

Health: -8/221     AC: 31    Str: 28    XL:     23   Next: 7%
Magic:  24/37      EV:  2    Int: 14    God:    Kikubaaqudgha [******]
Gold:   3646       SH:  0    Dex: 19    Spells: 11 memorised, 5 levels left

rFire  + . .     SeeInvis .     b - +7 battleaxe of Xom's Outrage {holy, *Rage +Fly rN+++ MR-}
rCold  . . .     Gourm    .     h - +4 scale mail of Okawaru's Favour {MR- Regen+ Str+8 Int+2}
rNeg   + + +     Faith    .     (shield currently unavailable)
rPois  +         Spirit   .     M - +0 helmet "Junkodgh" {+Blink Int+2 Dex+5}
rElec  +         Reflect  .     m - +2 cloak {MR+}
rCorr  .         Harm     .     j - +2 pair of gloves {Dex+3}
MR     .....     Rnd*Rage +     c - +2 pair of boots {run}
Stlth  ++........               L - amulet of rage
                                n - +5 ring of protection
                                g - ring "Asoniuza" {rPois rF+}

@: paralysed, lethally poisoned (-8 -> -8), exhausted, death channel (expiring),
slowed, drained, quick
A: hooves 1, icy blue scales 1, clumsy 2, deterioration 1, dopey 1, shaggy fur
1, electricity resistance
a: Receive Corpses, Torment, Renounce Religion, Evoke Blink, Evoke Berserk Rage,
Evoke Flight
}: 2/15 runes: decaying, gossamer


You were on level 3 of the Abyss.
You worshipped Kikubaaqudgha.
Kikubaaqudgha was exalted by your worship.
You were hungry.

You visited 9 branches of the dungeon, and saw 42 of its levels.
You visited the Abyss 2 times.

You collected 5749 gold pieces.
You spent 2103 gold pieces at shops.

Inventory:

Hand Weapons
 a - a +7 battleaxe of pain
 b - the +7 battleaxe of Xom's Outrage (weapon) {holy, *Rage +Fly rN+++ MR-}
   (You acquired it on level 3 of the Lair of Beasts)

   It has been blessed by the Shining One to cause great damage to the undead
   and demons.
   It renders you almost immune to negative energy.
   It affects your resistance to hostile enchantments.
   It lets you fly.
   It may make you go berserk in combat.
 x - a +2 great mace of holy wrath
Missiles
 z - 11 silver javelins (quivered)
Armour
 c - a +2 pair of boots of running (worn)
 h - the +4 scale mail of Okawaru's Favour (worn) {MR- Regen+ Str+8 Int+2}
   (You bought it in a shop on level 2 of the Orcish Mines)

   It affects your strength (+8).
   It affects your intelligence (+2).
   It affects your resistance to hostile enchantments.
   It increases your rate of regeneration.
 j - a +2 pair of gloves of dexterity (worn)
 m - a +2 cloak of magic resistance (worn)
 M - the +0 helmet "Junkodgh" (worn) {+Blink Int+2 Dex+5}
   (You bought it in a shop on level 5 of the Dungeon)

   It affects your intelligence (+2).
   It affects your dexterity (+5).
   It lets you blink.
Rods
 O - a +1 rod of inaccuracy (16/16)
   (You found it on level 2 of the Lair of Beasts)
Jewellery
 g - the ring "Asoniuza" (left hand) {rPois rF+}
   (You found it on level 1 of the Vaults)

   [ring of protection from fire]

   It protects you from fire.
   It protects you from poison.
 n - a +5 ring of protection (right hand)
 D - an uncursed ring of see invisible
 L - an amulet of rage (around neck)
Wands
 J - a wand of disintegration (11/24)
 V - a wand of teleportation (4/9)
 Z - a wand of digging (10/24)
Scrolls
 e - 3 scrolls of brand weapon
 i - 2 scrolls of identify
 k - 2 scrolls of holy word
 l - a scroll of enchant armour
 q - 20 scrolls of remove curse
 s - 7 scrolls of summoning
 u - 10 scrolls of teleportation
 w - 9 scrolls of fog
 y - 5 scrolls of amnesia
 H - 3 scrolls of blinking
 I - 7 scrolls of magic mapping
 N - 5 scrolls of recharging
 P - 4 scrolls of fear
 Y - 5 scrolls of silence
Potions
 o - 13 potions of curing
 t - 3 potions of haste
 A - 3 potions of flight
 E - 3 potions of agility
 F - 2 potions of magic
 G - 8 potions of might
 K - 2 potions of cure mutation
 Q - a potion of cancellation
 S - 5 potions of brilliance
 W - 5 potions of ambrosia
 X - 5 potions of heal wounds
Books
 r - Rokkuym's Compendium of Unholy Secrets
   (You found it on level 3 of the Crypt)

   Spells                             Type                      Level
   a - Vampiric Draining              Necromancy                   3
   b - Control Undead                 Necromancy                   4
   c - Excruciating Wounds            Charms/Necromancy            5
   d - Cigotuvi's Embrace             Necromancy                   5
   e - Dispel Undead                  Necromancy                   5
   f - Infestation                    Necromancy                   8
 R - a book of Minor Magic

   Spells                             Type                      Level
   a - Magic Dart                     Conjuration                  1
   b - Blink                          Translocation                2
   c - Call Imp                       Summoning                    2
   d - Repel Missiles                 Charms/Air                   2
   e - Slow                           Hexes                        2
   f - Conjure Flame                  Conjuration/Fire             3
   g - Mephitic Cloud                 Conjuration/Poison/Air       3
 T - Kikubaaqudgha's Volume of Necromancy
   (Kikubaaqudgha gifted it to you on level 7 of the Dungeon)

   Spells                             Type                      Level
   a - Animate Skeleton               Necromancy                   1
   b - Corpse Rot                     Necromancy                   2
   c - Sublimation of Blood           Necromancy                   2
   d - Vampiric Draining              Necromancy                   3
   e - Control Undead                 Necromancy                   4
Miscellaneous
 d - a sack of spiders
 v - a phial of floods
Comestibles
 f - 23 bread rations
 C - 10 fruits


   Skills:
 + Level 21.5(20.9) Fighting
 - Level 22.0(21.4) Axes
 - Level 9.0(8.5) Armour
 + Level 16.0(15.5) Dodging
 - Level 5.1(4.8) Stealth
   Level 1.1(0.7) Shields
 - Level 10.0(9.5) Spellcasting
   Level 1.0(0.6) Conjurations
 - Level 8.1(7.7) Hexes
 - Level 16.0(15.4) Necromancy
 - Level 6.7(6.3) Evocations


You had 5 spell levels left.
You knew the following spells:

 Your Spells              Type           Power        Failure   Level  Hunger
a - Agony                 Necr           ######..     1%          5    #####..
b - Corona                Hex            ####...      1%          1    None
c - Confuse               Hex            ####....     2%          3    #......
d - Tukima's Dance        Hex            ####....     2%          3    #......
r - Regeneration          Chrm/Necr      ####......   2%          3    #......
s - Death Channel         Necr           ######....   8%          6    ######.
t - Sublimation of Blood  Necr           ######....   1%          2    None
u - Dispel Undead         Necr           ######..     1%          5    #####..
w - Animate Dead          Necr           N/A          1%          4    ###....
z - Apportation           Tloc           #.........   24%         1    None
W - Control Undead        Necr           ######....   1%          4    ###....


Dungeon Overview and Level Annotations

Branches:
Dungeon (15/15)            Temple (1/1) D:6            Lair (6/6) D:8
  Swamp (4/4) Lair:4       Spider (4/4) Lair:2        Slime (0/5) Lair:6
    Orc (2/2) D:10            Elf (3/3) Orc:2        Vaults (4/5) D:14
  Crypt (3/3) Vaults:3       Tomb (0/3) Crypt:3
 Depths: D:15

Altars:
Ashenzari
Cheibriados
Dithmenos
Elyvilon
Fedhas
Gozag
Hepliaklqana
Kikubaaqudgha
Makhleb
Nemelex Xobeh
Okawaru
Qazlal
Ru
Sif Muna
Trog
Uskayaw
Vehumet
Xom
Yredelemnul
Zin
The Shining One
Beogh
Jiyva

Shops:
D:5 [   D:6 *   Orc:2 (=*[   Elf:1 [   Elf:2 *(*[   Vaults:1 (

Annotations:
Lair:2 1 exclusion
Elf:1 1 exclusion


Innate Abilities, Weirdness & Mutations

You have large cloven feet.
You are partially covered in icy blue scales. (AC +2)
You are very clumsy. (Dex -4)
Your body sometimes deteriorates upon taking damage.
You are dopey. (Int -2)
You are covered in fur. (AC +1)
You are resistant to electric shocks. (rElec)


Message History

The tentacled starspawn engulfs you but does no damage.
Your worker ant zombie closely misses the wight.
Your bat zombie barely misses the wight.
Your spectral worker ant bites the wight but does no damage.
Your bat zombie hits the starspawn tentacle segment but does no damage.
Your unholy channel is weakening.
The spectral bat hits you but does no damage.
Your bat zombie hits the wight but does no damage.
Your bat zombie hits the starspawn tentacle segment but does no damage.
The spectral bat hits you but does no damage.
Something hits you!!
* * * LOW HITPOINT WARNING * * *
Something bites you but does no damage.
Your bat zombie closely misses the wight.
Your bat zombie hits the starspawn tentacle segment but does no damage.
The spectral bat hits you but does no damage.
The wight barely misses your spectral worker ant.
The tentacled starspawn bites you!
You die...
Kikubaaqudgha rasps: "You have failed me!
Welcome... death!"

.. .# #. # #...
# ######... # #
.## ...Z.... #
.... ..
.#.###.#──#..# .
## ) #..#.XZ# ..
# . # #.@# .#..#
# ## #ZZ......#
.
#.#..ZZz.##.....
. #.....Z.#.#
... .. #
#.#.##..#.# . ..
. #.## .#...# .
# # #...### .
###.y # . .# #


You could see a tentacled starspawn, 2 spectral bats, a vampire mosquito, a
wight, a friendly spectral worker ant, 2 friendly bat zombies and 2 friendly
worker ant zombies.

Vanquished Creatures
  An ancient lich (Crypt:3)
  Nikola (Swamp:1)
  A bone dragon (Crypt:3)
  A Hell Sentinel (Abyss:3)
  3 liches
  A deep elf master archer (Elf:3)
  A deep elf blademaster (Elf:3)
  An ancient champion (Crypt:1)
  3 sphinxes
  Agnes (D:14)
  A thorn hunter (Swamp:3)
  Donald (Spider:4)
  2 azure jellies (Swamp:4)
  A revenant (Crypt:1)
  Aizul (Swamp:4)
  2 deep elf sorcerers
  The ghost of Chiseanne the Eclecticist, an adept HEAr of Vehumet (Elf:1)
  A frost giant (Vaults:4)
  2 ghost moths
  A fire giant (Vaults:2)
  11 vault wardens
  2 ghouls (Crypt:2)
  4 deep elf elementalists
  2 orc warlords (Orc:2)
  3 emperor scorpions
  A curse skull (Crypt:2)
  4 war gargoyles (Crypt:3)
  11 ironheart preservers
  2 stone giants
  2 very ugly things (Vaults:2)
  3 entropy weavers
  3 vampire knights
  4 deep elf annihilators
  6 deep elf demonologists
  Azrael (D:12)
  4 spark wasps
  3 crystal guardians (Crypt:3)
  6 eidola
  3 jiangshi
  Snorg (Lair:6)
  9 deep elf death magi
  The ghost of zkyp the Grappler, a journeyman TrFi (Orc:1)
  A quicksilver dragon zombie (Crypt:3)
  A great orb of eyes (Vaults:2)
  6 fire dragons
  2 deep elf high priests
  3 ice dragons
  Erolcha (Orc:1)
  A quicksilver dragon skeleton (Crypt:3)
  8 yaktaur captains
  8 ogre magi
  18 vault guards
  15 hydras
  A ghost crab (Swamp:3)
  7 death knights
  8 alligators
  4 centaur warriors
  2 orc high priests (Orc:2)
  3 vampire magi
  A deep troll shaman (Vaults:1)
  4 titan zombies
  2 deep troll earth magi
  33 dancing weapons
  3 storm dragon zombies
  A soul eater (Crypt:1)
  17 deep elf knights
  A titan skeleton (Crypt:2)
  2 small abominations
  6 hell knights (Crypt:3)
  A fire crab (Lair:6)
  A sixfirhy (Abyss:3)
  2 storm dragon skeletons (Crypt:1)
  6 deep trolls
  An anaconda zombie (Crypt:1)
  2 shadow wraiths
  An iron giant zombie (Crypt:2)
  An unseen horror (D:12)
  23 skeletal warriors
  7 flayed ghosts
  A wizard (Vaults:1)
  A shambling mangrove (Swamp:2)
  5 hill giants
  7 phantasmal warriors
  A swamp dragon (Swamp:2)
  An anaconda skeleton (Crypt:1)
  5 ironbrand convokers
  14 orc knights
  4 stone giant zombies
  Pikel (D:5)
  A wolf spider zombie (Crypt:1)
  An oklob plant (Spider:3)
  A shadow dragon zombie (Crypt:1)
  13 necromancers
  8 deep elf archers
  An orb spider (shapeshifter) (D:12)
  58 deep elf magi
  3 manticores (D:12)
  8 orc sorcerers
  6 orb spiders
  A shadow dragon skeleton (Crypt:3)
  27 wolf spiders
  21 ugly things
  A frost giant zombie (Crypt:2)
  2 fire giant zombies (Crypt:1)
  A dire elephant zombie (Crypt:1)
  5 cyclopes
  A moth of wrath (Spider:2)
  A frost giant skeleton (Crypt:3)
  4 iron dragon skeletons (Crypt:1)
  Maurice (D:10)
  6 elephants
  A black mamba (shapeshifter) (Vaults:1)
  A guardian serpent (Lair:6)
  2 torpor snails
  15 spiny frogs
  9 black mambas
  A smoke demon (Abyss:3)
  10 vault sentinels
  A spiny frog (shapeshifter) (Vaults:4)
  A catoblepas zombie (Crypt:2)
  2 kobold demonologists (D:14)
  15 komodo dragons
  36 yaktaurs
  5 demonic crawlers
  13 freezing wraiths
  A queen ant zombie (Crypt:2)
  A redback zombie (D:14)
  A tengu conjurer (D:14)
  2 hydra zombies (Crypt:1)
  The ghost of xeno23 the Firebug, a novice DEFE (D:4)
  A troll (shapeshifter) (Vaults:2)
  3 polar bears
  A death drake zombie (Crypt:1)
  A meliai (shapeshifter) (Vaults:2)
  2 meliai (Spider:1)
  12 trolls
  18 jumping spiders
  3 shadow dragon simulacra (Crypt:1)
  Grinder (D:6)
  Prince Ribbit (D:9)
  An ice dragon zombie (Crypt:1)
  A two-headed ogre (shapeshifter) (Vaults:1)
  A frost giant simulacrum (Vaults:2)
  10 slime creatures
  A fire dragon zombie (Crypt:3)
  6 blink frogs
  15 hornets
  2 meliai zombies
  17 two-headed ogres
  A fire giant simulacrum (Vaults:1)
  13 hippogriffs
  4 bog bodies
  A satyr skeleton (Crypt:1)
  A stone giant simulacrum (Crypt:1)
  3 ettin zombies
  14 flying skulls (Crypt:3)
  3 ettin skeletons
  Sigmund (D:6)
  An air elemental (Elf:2)
  52 redbacks
  6 wraiths
  3 shadows
  17 tarantellas
  12 wyverns
  A fire dragon skeleton (Crypt:3)
  4 spriggans
  A vampire (Abyss:3)
  A water elemental (Elf:2)
  4 fire elementals
  A hog (shapeshifter) (D:13)
  54 yaks
  6 basilisks
  Eustachio (D:4)
  3 hogs (D:7)
  A human (D:7)
  3 large abominations (Abyss:3)
  4 fire bats (Abyss:3)
  Grum (D:9)
  2 hungry ghosts
  22 vampire mosquitoes
  A chaos spawn (Abyss:3)
  A neqoxec (Abyss:3)
  6 wargs
  Menkaure (D:6)
  4 swamp worm simulacra (Swamp:4)
  Edmund (D:3)
  5 insubstantial wisps (Swamp:2)
  4 mottled dragons
  An elf skeleton (Vaults:1)
  10 swamp worms
  3 hell hounds (D:12)
  6 porcupines
  13 water moccasins
  An ogre skeleton (Vaults:1)
  10 hydra simulacra (Swamp:4)
  49 orc warriors
  A spiny frog skeleton (Crypt:1)
  A water nymph skeleton (Crypt:2)
  4 ice beasts
  2 black bears (D:8)
  An elf zombie (Vaults:4)
  An eye of draining (D:8)
  An ice dragon simulacrum (Crypt:1)
  5 necrophages
  41 ogres
  2 swamp drakes
  3 sky beasts
  2 boggarts (Vaults:2)
  22 wolves
  4 phantoms
  3 human zombies
  A manticore skeleton (Crypt:1)
  6 centaurs
  A torpor snail zombie (Crypt:1)
  15 crocodiles
  9 big kobolds
  Blork the orc (D:6)
  An elf simulacrum (Vaults:1)
  17 bullfrogs
  2 earth elementals
  A deep troll simulacrum (Vaults:4)
  A wyvern zombie (D:12)
  3 wyvern skeletons
  4 human skeletons
  7 scorpions
  A polar bear zombie (Crypt:2)
  19 killer bees
  A water moccasin skeleton (D:7)
  10 wights
  An orc simulacrum (Vaults:2)
  A howler monkey (D:5)
  A bullfrog zombie (D:13)
  2 centaur zombies
  12 crimson imps
  A black bear zombie (Crypt:1)
  2 human simulacra
  A lava snake (Lair:4)
  A quasit (D:8)
  26 orc priests
  5 jellies
  Crazy Yiuf (D:2)
  6 hounds
  25 orc wizards
  5 centaur skeletons
  4 bullfrog skeletons
  5 iguanas
  Natasha (D:2)
  16 worker ants
  A killer bee zombie (D:8)
  A felid skeleton (Crypt:2)
  A hound skeleton (D:6)
  A worker ant zombie (D:8)
  7 gnolls
  13 adders
  A river rat (Lair:6)
  2 shadow imps
  An ufetubus (Abyss:3)
  2 oozes (D:1)
  2 swamp drake simulacra (Swamp:4)
  A lava snake zombie (Crypt:1)
  2 worms (D:2)
  2 dart slugs
  7 leopard geckos
  108 orcs
  4 spectral bats (Abyss:3)
  12 bats
  5 giant cockroaches
  9 goblins
  7 hobgoblins
  2 jackals (D:9)
  2 quokkas
  A ball python (D:2)
  6 bat simulacra (Abyss:3)
  8 frilled lizards
  A goblin zombie (Crypt:2)
  A hobgoblin zombie (Crypt:2)
  A jackal skeleton (D:5)
  28 kobolds
  A leopard gecko zombie (D:6)
  A quokka zombie (D:3)
  3 rats
  4 briar patches (Swamp:2)
  10 fungi
  6 plants
  2 starspawn tentacles (Abyss:3)
1675 creatures vanquished.

Vanquished Creatures (collateral kills)
  An ancient champion (Crypt:2)
  2 thorn hunters
  A fire giant (Vaults:4)
  Louise (Swamp:1)
  3 ghost moths (Spider:4)
  An emperor scorpion (Spider:3)
  A stone giant (Vaults:3)
  2 ironheart preservers
  A very ugly thing (Vaults:2)
  4 entropy weavers
  An ettin (Vaults:4)
  A deep elf death mage (Crypt:1)
  3 ogre magi
  A vault guard (Vaults:2)
  A death knight (Vaults:2)
  2 ice dragons
  A hydra (Swamp:3)
  A dancing weapon (Elf:2)
  2 alligators (Swamp:4)
  A deep troll earth mage (Vaults:2)
  An orc high priest (Orc:2)
  A deep troll shaman (Vaults:4)
  5 deep elf knights
  2 deep trolls
  2 phantasmal warriors
  5 deep elf archers
  7 ironbrand convokers
  A shambling mangrove (Swamp:2)
  3 necromancers
  15 wolf spiders
  An oklob plant (Spider:3)
  15 orb spiders
  2 orc knights
  3 deep elf magi
  A fire giant zombie (Crypt:1)
  A cyclops (Vaults:2)
  An orc sorcerer (Orc:2)
  2 ugly things (Vaults:1)
  A manticore (D:13)
  2 vault sentinels
  3 moths of wrath
  A torpor snail (Spider:2)
  2 black mambas (Lair:6)
  4 spiny frogs
  A centaur skeleton (D:12)
  A komodo dragon (Swamp:3)
  6 yaktaurs
  13 demonic crawlers
  5 freezing wraiths
  A meliai (Spider:1)
  2 trolls
  12 jumping spiders
  9 hornets
  A tyrant leech (Swamp:1)
  A queen bee (Spider:1)
  3 two-headed ogres
  5 slime creatures
  5 blink frogs (Swamp:4)
  3 bog bodies
  An ice dragon zombie (Crypt:1)
  32 redbacks
  A wyvern (Lair:6)
  17 tarantellas
  A wraith (Vaults:1)
  A basilisk (Lair:5)
  A swamp worm simulacrum (Swamp:4)
  7 vampire mosquitoes
  An insubstantial wisp (Swamp:2)
  A swamp worm (Swamp:4)
  5 hydra simulacra (Swamp:4)
  5 orc warriors
  An eye of draining (D:13)
  6 ogres
  2 boggarts
  A human skeleton (Vaults:1)
  A human zombie (Vaults:4)
  An earth elemental (Elf:2)
  3 killer bees (Spider:1)
  An elf simulacrum (Vaults:3)
  An electric eel (Spider:2)
  4 orc priests
  4 orc wizards
  A worker ant (Lair:6)
  A swamp drake simulacrum (Swamp:4)
  20 orcs
  6 fungi
  6 plants
312 creatures vanquished.

Vanquished Creatures (others)
  An orb spider (Spider:4)
  A vault sentinel (Vaults:4)
  A yaktaur (Vaults:2)
  13 dancing weapons
  A swamp worm (Swamp:1)
  An ogre (Vaults:3)
  An orc (D:13)
  A spectral bat (Abyss:3)
  4 briar patches
  A bush (Lair:3)
  17 fungi
  19 plants
  A starspawn tentacle (Abyss:3)
62 creatures vanquished.

Grand Total: 2049 creatures vanquished

Notes
Turn   | Place    | Note
-------+----------+-------------------------------------------
     0 | D:1      | vev the Hill Orc Wanderer began the quest for the Orb.
     0 | D:1      | vev set off with: a book of Maledictions, the Disquisition on the Compass, a +0 hand axe, a +0 robe, a bread ration
     0 | D:1      | Reached XP level 1. HP: 18/18 MP: 2/2
     0 | D:1      | Identified the Disquisition on the Compass
   147 | D:1      | Reached skill level 3 in Axes
   217 | D:1      | Reached XP level 2. HP: 25/25 MP: 3/3
   264 | D:1      | Learned a level 1 spell: Corona
   431 | D:1      | Reached skill level 4 in Axes
   439 | D:1      | Reached XP level 3. HP: 16/30 MP: 1/4
   600 | D:1      | Learned a level 3 spell: Confuse
   980 | D:2      | Found a deep blue altar of Sif Muna.
  1244 | D:2      | Noticed Natasha
  1293 | D:2      | HP: 3/30 [Natasha/magic dart (4)]
  1704 | D:2      | Reached skill level 2 in Hexes
  1712 | D:2      | Found a shattered altar of Ashenzari.
  1792 | D:2      | Reached XP level 4. HP: 35/37 MP: 5/5
  1858 | D:2      | Found a runed door.
  2016 | D:3      | Reached skill level 5 in Axes
  2045 | D:3      | Found a sparkling altar of Nemelex Xobeh.
  2523 | D:3      | Found a sacrificial altar of Ru.
  2808 | D:3      | Noticed a big kobold
  2857 | D:3      | Noticed a big kobold
  2866 | D:3      | Killed a big kobold
  2866 | D:3      | Reached XP level 5. HP: 37/44 MP: 6/6
  2884 | D:3      | Reached skill level 6 in Axes
  2887 | D:3      | Reached skill level 1 in Dodging
  3368 | D:2      | Reached skill level 3 in Fighting
  3615 | D:2      | Killed Natasha
  3615 | D:2      | Reached XP level 6. HP: 41/51 MP: 7/7
  3714 | D:2      | Noticed Crazy Yiuf
  3753 | D:2      | Killed Crazy Yiuf
  4041 | D:3      | Reached skill level 3 in Hexes
  4325 | D:4      | Noticed xeno23's ghost (novice DEFE)
  4334 | D:3      | Learned a level 3 spell: Tukima's Dance
  4425 | D:4      | Noticed Eustachio
  4440 | D:4      | Killed Eustachio
  4440 | D:4      | Reached skill level 7 in Axes
  4440 | D:4      | Reached XP level 7. HP: 45/58 MP: 8/8
  4610 | D:4      | Killed xeno23's ghost
  4610 | D:4      | Reached skill level 4 in Fighting
  4610 | D:4      | Reached skill level 2 in Dodging
  4960 | D:4      | Found a shadowy altar of Dithmenos.
  5086 | D:4      | Reached skill level 8 in Axes
  5095 | D:4      | Noticed Edmund
  5134 | D:3      | Killed Edmund
  5134 | D:3      | Reached skill level 4 in Hexes
  5134 | D:3      | Reached XP level 8. HP: 62/67 MP: 2/9
  5599 | D:5      | Entered Level 5 of the Dungeon
  5798 | D:5      | Reached skill level 5 in Fighting
  5888 | D:5      | Reached skill level 9 in Axes
  5916 | D:5      | Noticed a yak
  5920 | D:5      | Killed a yak
  5920 | D:5      | Reached skill level 3 in Dodging
  6291 | D:5      | Found Viagal's Armour Boutique.
  6294 | D:5      | Noticed Pikel
  6318 | D:5      | Killed Pikel
  6318 | D:5      | Reached skill level 6 in Fighting
  6318 | D:5      | Reached skill level 10 in Axes
  6318 | D:5      | Reached skill level 5 in Hexes
  6318 | D:5      | Reached XP level 9. HP: 73/75 MP: 4/10
  6441 | D:5      | Bought a +0 pair of gloves of dexterity for 172 gold pieces
  7039 | D:6      | Noticed Sigmund
  7081 | D:6      | Killed Sigmund
  7081 | D:6      | Reached skill level 4 in Dodging
  7401 | D:6      | Noticed Menkaure
  7413 | D:6      | Reached skill level 1 in Stealth
  7547 | D:6      | Reached skill level 2 in Stealth
  7620 | D:6      | Noticed Grinder
  7859 | D:6      | Reached skill level 3 in Stealth
  7895 | D:6      | Paralysed by Grinder for 2 turns
  7901 | D:6      | Killed Grinder
  7901 | D:6      | Reached skill level 4 in Stealth
  7905 | D:6      | Found a hide-covered altar of Uskayaw.
  7923 | D:6      | Killed Menkaure
  8013 | D:6      | Noticed Blork the orc
  8052 | D:6      | Killed Blork the orc
  8194 | D:6      | Found Nampa's Assorted Antiques.
  8284 | D:6      | Reached skill level 5 in Stealth
  8324 | D:6      | Found a staircase to the Ecumenical Temple.
  8333 | D:6      | Found a shimmering altar of Xom.
  8347 | Temple   | Entered the Ecumenical Temple
  8459 | Temple   | Became a worshipper of Kikubaaqudgha
  8606 | D:6      | Reached XP level 10. HP: 47/84 MP: 9/11
  8926 | D:7      | Reached skill level 11 in Axes
  9041 | D:7      | Reached skill level 6 in Hexes
  9052 | D:7      | Reached skill level 7 in Fighting
  9632 | D:7      | Reached * piety under Kikubaaqudgha
  9632 | D:7      | Identified Kikubaaqudgha's Volume of Necromancy (Kikubaaqudgha gifted it to you on level 7 of the Dungeon)
  9632 | D:7      | Received a gift from Kikubaaqudgha
  9761 | D:7      | Reached skill level 12 in Axes
 10503 | D:8      | Found a staircase to the Lair.
 10544 | D:8      | Identified a +2 pair of boots of running (You found it on level 8 of the Dungeon)
 10593 | D:8      | Reached skill level 8 in Fighting
 10962 | D:8      | Reached ** piety under Kikubaaqudgha
 10991 | D:8      | Reached skill level 5 in Dodging
 11426 | D:9      | Noticed Grum
 11467 | D:9      | Killed Grum
 11476 | D:9      | Reached skill level 7 in Hexes
 11614 | D:9      | Reached XP level 11. HP: 95/95 MP: 12/12
 11799 | D:9      | Noticed Prince Ribbit
 11837 | D:9      | Killed Prince Ribbit
 11967 | D:9      | Found a hazy altar of Hepliaklqana.
 11968 | D:9      | Found a snail-covered altar of Cheibriados.
 12135 | D:9      | Found a stormy altar of Qazlal.
 12218 | D:9      | Found a radiant altar of Vehumet.
 12218 | D:9      | Found a blossoming altar of Fedhas.
 12624 | D:10     | Entered Level 10 of the Dungeon
 12634 | D:10     | Reached skill level 13 in Axes
 12981 | D:10     | Noticed Maurice
 13003 | D:10     | Killed Maurice
 13270 | D:10     | Reached skill level 9 in Fighting
 13351 | D:10     | Found a roughly hewn altar of Beogh.
 13351 | D:10     | Found a staircase to the Orcish Mines.
 14585 | D:11     | Reached *** piety under Kikubaaqudgha
 14585 | D:11     | Identified Kikubaaqudgha's Collected Works on Sinister Magic (Kikubaaqudgha gifted it to you on level 11 of the Dungeon)
 14585 | D:11     | Received a gift from Kikubaaqudgha
 14598 | D:11     | Reached skill level 14 in Axes
 14650 | D:11     | Learned a level 2 spell: Corpse Rot
 16060 | D:12     | Noticed an eight-headed hydra
 16649 | D:6      | Reached **** piety under Kikubaaqudgha
 16675 | D:6      | Bought a scroll of fear for 66 gold pieces
 16675 | D:6      | Bought a scroll of identify for 38 gold pieces
 16806 | Lair:1   | Entered Level 1 of the Lair of Beasts
 16853 | Lair:1   | Reached skill level 6 in Dodging
 16931 | Lair:1   | Reached skill level 8 in Hexes
 16956 | Lair:1   | Reached XP level 12. HP: 52/106 MP: 13/13
 17297 | Lair:1   | Reached skill level 10 in Fighting
 17297 | Lair:1   | Reached skill level 15 in Axes
 18102 | Lair:1   | Noticed a five-headed hydra
 18716 | Lair:2   | Found a hole to the Spider Nest.
 18744 | Lair:2   | Noticed a four-headed hydra
 18936 | Lair:3   | Identified a +0 rod of inaccuracy (14/14) (You found it on level 2 of the Lair of Beasts)
 19175 | Lair:3   | Noticed a five-headed hydra
 19182 | Lair:3   | Killed a five-headed hydra
 19202 | Lair:3   | Reached skill level 16 in Axes
 19663 | Lair:3   | Reached skill level 1 in Necromancy
 19678 | Lair:3   | Reached skill level 2 in Evocations
 19755 | Lair:3   | Reached skill level 2 in Necromancy
 19773 | Lair:3   | Reached skill level 3 in Evocations
 19777 | Lair:3   | Reached skill level 3 in Necromancy
 20039 | Lair:3   | Learned a level 4 spell: Animate Dead
 20063 | Lair:3   | Identified a scroll of acquirement
 20066 | Lair:3   | Got a brightly glowing battleaxe
 20067 | Lair:3   | Identified the +7 battleaxe of Xom's Outrage {holy, *Rage +Fly rN+++ MR-} (You acquired it on level 3 of the Lair of Beasts)
 20101 | Lair:3   | Reached ***** piety under Kikubaaqudgha
 20552 | Lair:3   | Reached skill level 4 in Necromancy
 20552 | Lair:3   | Reached skill level 4 in Evocations
 20956 | Lair:3   | Reached XP level 13. HP: 115/115 MP: 16/16
 20990 | Lair:3   | Reached skill level 5 in Evocations
 21360 | Lair:3   | Reached skill level 5 in Necromancy
 22005 | Lair:4   | Reached skill level 6 in Necromancy
 22005 | Lair:4   | Reached skill level 6 in Evocations
 22616 | Lair:4   | Found a staircase to the Swamp.
 22634 | Lair:4   | Reached skill level 7 in Dodging
 22828 | Lair:4   | Reached skill level 7 in Necromancy
 23518 | Lair:5   | Identified Emaiqir's Catalogue of Dark Protection
 24030 | Lair:5   | Reached skill level 2 in Spellcasting
 24240 | Lair:6   | Entered Level 6 of the Lair of Beasts
 24312 | Lair:6   | Noticed Snorg
 24441 | Lair:6   | Reached skill level 3 in Spellcasting
 24489 | Lair:6   | Reached skill level 8 in Necromancy
 24510 | Lair:6   | Learned a level 3 spell: Regeneration
 24601 | Lair:6   | Killed Snorg
 24720 | Lair:6   | Reached XP level 14. HP: 122/122 MP: 15/19
 24728 | Lair:6   | Reached skill level 4 in Spellcasting
 24990 | Lair:6   | Reached ****** piety under Kikubaaqudgha
 25009 | Lair:6   | Learned a level 5 spell: Agony
 25109 | Lair:6   | Reached skill level 17 in Axes
 25601 | Lair:6   | Reached skill level 5 in Spellcasting
 25656 | Lair:6   | Found a viscous altar of Jiyva.
 25656 | Lair:6   | Found a staircase to the Slime Pits.
 26328 | D:12     | Gained mutation: Your body sometimes deteriorates upon taking damage. [mutagenic meat]
 26329 | D:12     | Gained mutation: You are covered in fur. (AC +1) [mutagenic meat]
 26330 | D:12     | Gained mutation: You are robust. (+10% HP) [mutagenic meat]
 26330 | D:12     | Gained mutation: You are partially covered in icy blue scales. (AC +2) [potion of beneficial mutation]
 26455 | D:12     | Reached skill level 9 in Necromancy
 27236 | D:12     | Noticed Azrael
 27345 | D:12     | Killed Azrael
 28061 | D:13     | Reached skill level 18 in Axes
 28066 | D:13     | Reached skill level 6 in Spellcasting
 28496 | D:5      | Bought the +0 helmet "Junkodgh" {+Blink Int+2 Dex+5} for 498 gold pieces
 28496 | D:5      | Bought the cursed +0 cloak of Absolutism {MR+} for 211 gold pieces
 28773 | D:14     | Reached skill level 10 in Necromancy
 28869 | D:14     | Noticed Agnes
 28934 | D:14     | Killed Agnes
 28958 | D:14     | Reached XP level 15. HP: 106/140 MP: 12/24
 29087 | D:14     | Found a gate to the Vaults.
 29220 | D:14     | Learned a level 5 spell: Dispel Undead
 29739 | D:15     | Entered Level 15 of the Dungeon
 29761 | D:15     | Reached skill level 7 in Spellcasting
 30568 | Orc:1    | Entered Level 1 of the Orcish Mines
 30576 | Orc:1    | Noticed zkyp's ghost (journeyman TrFi)
 30597 | Orc:1    | Killed zkyp's ghost
 30802 | Orc:1    | Reached skill level 11 in Necromancy
 31285 | Orc:2    | Entered Level 2 of the Orcish Mines
 31285 | Orc:2    | Found Ciner's Antique Weapon Shoppe.
 31301 | Orc:2    | Reached skill level 19 in Axes
 31444 | Orc:2    | Gained mutation: You are clumsy. (Dex -2) [a neqoxec]
 31447 | Orc:2    | Gained mutation: You are dopey. (Int -2) [a neqoxec]
 31472 | Orc:2    | Found Zibicse's Jewellery Shoppe.
 31512 | Orc:2    | Noticed an orc warlord
 31512 | Orc:2    | Noticed an orc warlord
 31526 | Orc:2    | Killed an orc warlord
 31531 | Orc:2    | Killed an orc warlord
 31574 | Orc:2    | Found Net Eff's General Store.
 31610 | Orc:2    | Bought a potion of might for 60 gold pieces
 31615 | Orc:2    | Found a staircase to the Elven Halls.
 31681 | Orc:2    | Reached skill level 8 in Spellcasting
 31682 | Orc:2    | Found Ipsikh's Antique Armour Boutique.
 31876 | Orc:2    | Bought a brightly glowing scale mail for 207 gold pieces
 31886 | Orc:2    | Identified the +4 scale mail of Okawaru's Favour {MR- Regen+ Str+8 Int+2} (You bought it in a shop on level 2 of the Orcish Mines)
 31886 | Orc:2    | Bought a shiny shield for 241 gold pieces
 31918 | Orc:1    | Noticed Erolcha
 31927 | Orc:1    | Killed Erolcha
 31954 | Orc:1    | Found a roughly hewn altar of Beogh.
 32211 | Orc:2    | Learned a level 6 spell: Death Channel
 32231 | Orc:2    | Identified a +6 battleaxe of pain (a +4 battleaxe of chopping bloodied by Kikubaaqudgha)
 32231 | Orc:2    | Received a gift from Kikubaaqudgha
 32472 | Swamp:1  | Entered Level 1 of the Swamp
 32478 | Swamp:1  | Noticed Louise
 32495 | Swamp:1  | Reached skill level 2 in Armour
 32496 | Swamp:1  | Killed Louise
 32496 | Swamp:1  | Reached skill level 3 in Armour
 32544 | Swamp:1  | Reached XP level 16. HP: 127/149 MP: 12/28
 32550 | Swamp:1  | Learned a level 1 spell: Apportation
 32604 | Swamp:1  | Reached skill level 4 in Armour
 32630 | Swamp:1  | Noticed Nikola
 32665 | Swamp:1  | Killed Nikola
 32665 | Swamp:1  | Reached skill level 5 in Armour
 33194 | Swamp:2  | Reached skill level 6 in Armour
 33476 | Swamp:2  | Reached skill level 7 in Armour
 33496 | Swamp:2  | Noticed a thorn hunter
 33513 | Swamp:2  | Killed a thorn hunter
 33515 | Swamp:2  | Paralysed by a hornet for 1 turns
 33589 | Swamp:2  | Reached skill level 8 in Armour
 34052 | Swamp:3  | Reached skill level 9 in Armour
 34170 | Swamp:3  | Noticed a thorn hunter
 34270 | Swamp:3  | Reached skill level 12 in Necromancy
 34315 | Swamp:3  | Killed a thorn hunter
 34429 | Swamp:3  | Noticed a thorn hunter
 34451 | Swamp:3  | HP: 12/149 [seven-headed hydra (7)]
 34458 | Swamp:3  | Killed a thorn hunter
 34960 | Swamp:4  | Entered Level 4 of the Swamp
 35043 | Swamp:4  | Reached skill level 13 in Necromancy
 35087 | Swamp:4  | Got a transparent broad axe
 35088 | Swamp:4  | Identified the +3 broad axe "Merchun" {freeze, rElec rC+ Stlth+} (You found it on level 4 of the Swamp)
 35205 | Swamp:4  | Noticed Aizul
 35217 | Swamp:4  | Killed Aizul
 35465 | Swamp:4  | Noticed an azure jelly
 35483 | Swamp:4  | Killed an azure jelly
 35925 | Swamp:4  | Noticed an azure jelly
 36053 | Swamp:4  | Killed an azure jelly
 36053 | Swamp:4  | Reached skill level 14 in Necromancy
 36406 | Swamp:4  | Got a decaying rune of Zot
 36450 | Swamp:4  | Reached XP level 17. HP: 149/157 MP: 18/29
 36672 | Spider:1 | Entered Level 1 of the Spider Nest
 37395 | Spider:1 | You fall through a shaft!
 37470 | Spider:1 | Reached skill level 15 in Necromancy
 38625 | Spider:2 | Got a warped leather armour
 38626 | Spider:2 | Identified the +1 leather armour of the Tarantula {rF+ rN+ Regen+} (You found it on level 2 of the Spider Nest)
 38911 | Spider:2 | Reached skill level 16 in Necromancy
 39182 | Spider:2 | Reached skill level 11 in Fighting
 39705 | Spider:3 | Learned a level 2 spell: Sublimation of Blood
 39749 | Spider:3 | Reached skill level 9 in Spellcasting
 40305 | Spider:4 | Entered Level 4 of the Spider Nest
 40428 | Spider:4 | Noticed Donald
 40438 | Spider:4 | Reached XP level 18. HP: 142/166 MP: 6/31
 40439 | Spider:4 | Killed Donald
 40439 | Spider:4 | Reached skill level 8 in Dodging
 40905 | Spider:4 | Reached skill level 12 in Fighting
 40924 | Spider:4 | HP: 14/169 [spark wasp (4)]
 41423 | Spider:4 | Got a gossamer rune of Zot
 41667 | Spider:1 | Reached skill level 10 in Spellcasting
 41878 | Vaults:1 | Entered Level 1 of the Vaults
 41895 | Vaults:1 | Found Puloweu's Weapon Shoppe.
 41903 | Vaults:1 | Identified the ring "Asoniuza" {rPois rF+} (You found it on level 1 of the Vaults)
 41951 | Vaults:1 | Reached skill level 20 in Axes
 42210 | Vaults:1 | Reached skill level 9 in Dodging
 42529 | Vaults:1 | Paralysed by a hornet for 1 turns
 42829 | Vaults:1 | Reached skill level 13 in Fighting
 43039 | Vaults:1 | Reached XP level 19. HP: 178/179 MP: 22/33
 43246 | Vaults:1 | Learned a level 4 spell: Control Undead
 43287 | Vaults:2 | Got a transparent copper ring
 43289 | Vaults:2 | Identified the ring of Jiwkalao {Str+3 Int+4} (You found it on level 2 of the Vaults)
 43427 | Vaults:2 | Reached skill level 10 in Dodging
 43491 | Vaults:2 | Reached skill level 21 in Axes
 43509 | Vaults:2 | Noticed a Tzitzimitl
 43551 | Vaults:2 | Reached skill level 14 in Fighting
 44913 | Vaults:3 | Reached skill level 15 in Fighting
 45020 | Vaults:3 | Reached skill level 11 in Dodging
 45131 | Vaults:3 | Reached XP level 20. HP: 123/195 MP: 22/34
 45356 | Vaults:3 | Identified the cursed +0 scale mail of Dawn {Str+4} (You found it on level 3 of the Vaults)
 45417 | Vaults:3 | Reached skill level 22 in Axes
 46114 | Vaults:3 | Found a staircase to the Crypt.
 46299 | Vaults:1 | Reached skill level 16 in Fighting
 46580 | Vaults:4 | Paralysed by an ogre mage for 5 turns
 46623 | Vaults:4 | Reached skill level 12 in Dodging
 46986 | Vaults:4 | Reached skill level 17 in Fighting
 47987 | Crypt:1  | Entered Level 1 of the Crypt
 48270 | Crypt:1  | Reached XP level 21. HP: 211/211 MP: 29/35
 48320 | Crypt:1  | Gained mutation: You have large cloven feet. [potion of beneficial mutation]
 48395 | Crypt:1  | Reached skill level 13 in Dodging
 48571 | Crypt:1  | Reached skill level 18 in Fighting
 49506 | Crypt:3  | Entered Level 3 of the Crypt
 49627 | Crypt:3  | Reached skill level 14 in Dodging
 49660 | Crypt:3  | Reached skill level 19 in Fighting
 49831 | Crypt:3  | Noticed a bone dragon
 49842 | Crypt:3  | Killed a bone dragon
 50204 | Crypt:3  | Reached XP level 22. HP: 226/226 MP: 30/36
 50219 | Crypt:3  | Found a basalt altar of Yredelemnul.
 50219 | Crypt:3  | Noticed an ancient lich
 50225 | Crypt:3  | Killed an ancient lich
 50493 | Crypt:3  | Found a staircase to the Tomb.
 50505 | Crypt:3  | Identified Rokkuym's Compendium of Unholy Secrets
 51303 | Elf:1    | Entered Level 1 of the Elven Halls
 51306 | Elf:1    | your deep elf blademaster zombie is devoured by a tear in reality.
 51337 | Elf:1    | Noticed Chiseanne's ghost (adept HEAr)
 51342 | Elf:1    | Killed Chiseanne's ghost
 51342 | Elf:1    | Reached skill level 20 in Fighting
 51693 | Elf:1    | Reached skill level 15 in Dodging
 51815 | Elf:1    | Found Jicaihob's Antique Armour Boutique.
 52419 | Elf:2    | Paralysed by an orc sorcerer for 5 turns
 52461 | Elf:2    | Found Lemido's General Store.
 52462 | Elf:2    | Found Kaureczaqa's General Store.
 52462 | Elf:2    | Found Wiofih's Weapon Shoppe.
 52497 | Elf:2    | Found Ura Giuv's Armour Emporium.
 52499 | Elf:2    | Bought a potion of beneficial mutation for 385 gold pieces
 52499 | Elf:2    | Gained mutation: You are resistant to electric shocks. (rElec) [potion of beneficial mutation]
 52511 | Elf:2    | Bought a potion of haste for 150 gold pieces
 52511 | Elf:2    | Bought a potion of heal wounds for 75 gold pieces
 52536 | Elf:2    | Found a runed gate.
 52536 | Elf:2    | Found a runed gate.
 52537 | Elf:2    | Found a runed gate.
 53036 | Elf:2    | Gained mutation: You are very clumsy. (Dex -4) [a neqoxec]
 53128 | Elf:2    | Reached skill level 21 in Fighting
 53260 | Elf:3    | Entered Level 3 of the Elven Halls
 53737 | Elf:2    | Reached XP level 23. HP: 170/242 MP: 33/37
 53800 | Elf:3    | Cast into level 3 of the Abyss (a deep elf sorcerer)
 53800 | Abyss:3  | Found a corrupted altar of Lugonu.
 53803 | Elf:3    | Escaped the Abyss
 53833 | Elf:3    | Cast into level 3 of the Abyss (a deep elf sorcerer)
 53887 | Abyss:3  | Lost mutation: You are robust. (+10% HP) [a neqoxec]
 54077 | Abyss:3  | Reached skill level 16 in Dodging
 54154 | Abyss:3  | Paralysed by something for 7 turns
 54160 | Abyss:3  | HP: 5/221 [something (28)]
 54160 | Abyss:3  | Mangled by a tentacled starspawn

Skill      XL: |  1  2  3  4  5  6  7  8  9 10 11 12 13 14 15 16 17 18 19 20 21 22 23 |
---------------+----------------------------------------------------------------------+-----
Axes           | 3 4 5 6 7 8 10 12 14 16 18 19 20 21 22 | 22.0
Hexes          | 2 3 4 5 7 8 |  8.1
Dodging        | 1 2 3 4 5 6 7 9 11 12 14 15 16 | 16.0
Fighting       | 3 4 6 8 9 10 11 13 15 17 19 21 | 21.5
Stealth        | 5 |  5.1
Necromancy     | 4 8 10 11 14 16 | 16.0
Evocations     | 4 6 |  6.7
Spellcasting   | 3 6 8 9 10 | 10.0
Armour         | 3 9 |  9.0
Shields        | |  1.1
Conjurations   | |  1.0

Action                   |  1- 3 |  4- 6 |  7- 9 | 10-12 | 13-15 | 16-18 | 19-21 | 22-24 || total
-------------------------+-------+-------+-------+-------+-------+-------+-------+-------++-------
Melee: Hand axe          |   130 |    73 |       |       |       |       |       |       ||   203
       War axe           |       |   106 |   322 |   193 |       |       |       |       ||   621
       Battleaxe         |       |       |       |   791 |  1093 |   972 |  1149 |   508 ||  4513
       Dire flail        |       |       |       |       |    20 |       |       |       ||    20
       Broad axe         |       |       |       |       |       |    46 |       |       ||    46
Throw: Tomahawk          |       |     9 |    10 |     7 |       |       |       |       ||    26
       Javelin           |       |     1 |       |       |     4 |     8 |       |       ||    13
 Cast: Corona            |     6 |     5 |     8 |    28 |     5 |       |       |       ||    52
       Confuse           |       |     3 |    15 |    15 |    10 |       |       |       ||    43
       Tukima's Dance    |       |       |     1 |    26 |    16 |       |    28 |       ||    71
       Corpse Rot        |       |       |       |     1 |     1 |       |       |       ||     2
       Animate Dead      |       |       |       |       |    39 |    59 |    32 |    17 ||   147
       Regeneration      |       |       |       |       |    23 |    93 |    43 |    40 ||   199
       Agony             |       |       |       |       |    35 |    78 |    16 |     3 ||   132
       Dispel Undead     |       |       |       |       |       |    19 |    22 |     5 ||    46
       Death Channel     |       |       |       |       |       |    33 |    28 |    16 ||    77
       Apportation       |       |       |       |       |       |     7 |     1 |     2 ||    10
       Sublimation of Bl |       |       |       |       |       |    40 |    25 |     9 ||    74
       Control Undead    |       |       |       |       |       |       |    12 |     2 ||    14
Invok: Receive Corpses   |       |       |       |       |     2 |     3 |       |     5 ||    10
       Torment           |       |       |       |       |     1 |       |       |       ||     1
       Brand Weapon With |       |       |       |       |     1 |       |       |       ||     1
 Abil: Evoke Blink       |       |       |       |       |       |     6 |     3 |     1 ||    10
       Evoke Flight      |       |       |       |       |       |     1 |       |       ||     1
Evoke: Rod               |       |       |       |     4 |    22 |    46 |     8 |     6 ||    86
       Wand              |       |       |       |     2 |     2 |     2 |       |     1 ||     7
       Phial of floods   |       |       |       |       |     1 |       |       |       ||     1
       Sack of spiders   |       |       |       |       |       |     3 |       |       ||     3
  Use: Scroll            |     3 |     5 |     8 |    15 |    13 |    13 |     6 |     3 ||    66
       Potion            |     1 |     2 |       |       |     2 |     8 |     3 |     2 ||    18
 Stab: Confused          |       |       |     7 |     4 |     4 |       |       |       ||    15
       Sleeping          |       |       |       |    12 |    13 |     5 |     6 |     1 ||    37
       Distracted        |       |       |       |     2 |     5 |    34 |    19 |     5 ||    65
       Invisible         |       |       |       |       |       |       |     1 |       ||     1
       Fleeing           |       |       |       |       |       |       |       |     1 ||     1
  Eat: Chunk             |     3 |     9 |    15 |    43 |    36 |    37 |    45 |    13 ||   201
       Pizza             |       |       |     1 |       |    10 |     1 |       |       ||    12
       Royal jelly       |       |       |       |     2 |       |     2 |       |     2 ||     6
       Beef jerky        |       |       |       |       |     4 |     1 |       |     1 ||     6
       Meat ration       |       |       |       |       |     2 |    10 |     2 |     1 ||    15
       Fruit             |       |       |       |       |       |     7 |       |       ||     7
       Bread ration      |       |       |       |       |       |       |       |     1 ||     1
Armor: Ring mail         |    35 |    38 |       |       |       |       |       |       ||    73
       Skin              |    15 |       |       |       |       |       |       |       ||    15
       Leather armour    |       |       |    63 |   336 |   414 |   415 |       |       ||  1228
       Scale mail        |       |       |       |       |     2 |    99 |   394 |   240 ||   735
Dodge: Dodged            |    55 |    73 |   155 |   631 |   780 |   800 |   635 |   410 ||  3539
Block: Other             |       |     8 |    23 |    90 |    27 |       |       |       ||   148
       Reflection        |       |     1 |       |     1 |       |       |       |       ||     2
